 Dungeon Crawl Stone Soup version 0.31.0-11-ge490571c62 (webtiles) character file.

Game seed: 3899037524445064738

71 qw the Shooter (level 4, 0/22 HPs)
             Began as a Spriggan Hunter on Feb 3, 2024.
             Slain by Robin
             ... wielding a +0 spear
              (3 damage)
             ... on level 3 of the Dungeon.
             The game lasted 00:00:04 (1133 turns).

qw the Shooter (Spriggan Hunter)                    Turns: 1133, Time: 00:00:04

Health: 0/22       AC:  2    Str:  7    XL:     4   Next: 5%
Magic:  5/5        EV: 19    Int: 10    God:
Gold:   78         SH:  0    Dex: 20    Spells: 3/3 levels left

rFire   . . .        a - +0 shortbow
rCold   . . .        (shield currently unavailable)
rNeg    . . .        c - +0 robe
rPois   .            (helmet restricted)
rElec   .            (no cloak)
rCorr   .            (gloves unavailable)
SInv    +            (boots unavailable)
Will    .....        (no amulet)
Stlth   ++           (no ring)
HPRegen 0.23/turn    (no ring)
MPRegen 0.09/turn

%: no passive effects
@: very quick
A: very small, no large weapons, unfitting armour, see invisible, speed 3
a: no special abilities


You were on level 3 of the Dungeon.
You visited 1 branch of the dungeon, and saw 3 of its levels.

You collected 78 gold pieces.


Innate Abilities, Weirdness & Mutations

You are very small and have problems with some larger weapons.
You are too small for most types of armour.
You have supernaturally acute eyesight. (SInv)
You cover ground extremely quickly. (Speed+++)


   Skills:
 - Level 1.5 Fighting
 - Level 5.0 Ranged Weapons
 + Level 4.3 Dodging
 - Level 1.5 Stealth


You had 3 spell levels left.
You didn't know any spells.
Your spell library was empty.

Inventory:

Hand Weapons
 a - a +0 shortbow (weapon)
Armour
 c - a +0 robe (worn)
Scrolls
 b - a scroll of poison {unknown}
Potions
 d - a potion of heal wounds {unknown}
 e - a potion of resistance {unknown}
 f - a potion of curing {unknown}

Dungeon Overview and Level Annotations

Branches:
Dungeon (2/15)

Altars:
Vehumet

Annotations:
D:3 Robin


Message History

You kill the goblin!
A goblin comes into view. It is wielding a +0 dagger.
A goblin comes into view.
It is wielding a +1 dagger of electrocution.
You have reached level 4!
You shoot an arrow. The arrow completely misses Robin.
You shoot an arrow. The arrow closely misses Robin.
Robin misses you. Robin completely misses you.
You shoot an arrow. The arrow hits Robin.
Robin is heavily wounded.
Robin misses you.
You shoot an arrow. The arrow hits Robin.
Robin is heavily wounded.
Robin throws the goblin at you! The goblin misses you.
You shoot an arrow. The arrow hits the goblin.
You kill the goblin!
Robin throws the goblin at you!
You shoot an arrow. The arrow closely misses the goblin.
Robin completely misses you.
The goblin hits you with a +1 dagger of electrocution.
You shoot an arrow.
The arrow hits the goblin but does no damage.
The goblin barely misses you.
Robin hits you from afar with a +0 spear.
You shoot an arrow. The arrow hits the goblin!
You kill the goblin!
Robin misses you.
Robin hits you from afar with a +0 spear.
You shoot an arrow.
The arrow hits Robin but does no damage.
Robin is heavily wounded.
Robin hits you from afar with a +0 spear.
You shoot an arrow. The arrow hits Robin.
Robin is heavily wounded.
Robin misses you.
You shoot an arrow.
The arrow hits Robin but does no damage.
Robin is heavily wounded.
Robin hits you from afar with a +0 spear.
You die...
Robin says, "And that's why I'm the boss."

.# .# .#.# ... .#.#.#
#... .#.#.#.# #....
....#.#.#.#.#.#.#.....
.....#.#.#.#.#.#......
#....#.#.#.#)#)?.....
.....#.#.#.#@))).)..
#.#....#.#.#.).g##...
#.#.....#.#)........
#.#......#....######
#.#..........##
#...###.....##
#.P.#####.### ##....#
#.# #.._..####.#


You could see Robin.

Vanquished Creatures
  2 adders (D:2)
  A dart slug (D:1)
  3 endoplasms
  3 giant cockroaches (D:1)
  13 goblins
  5 hobgoblins
  2 quokkas
  3 ball pythons (D:1)
  2 bats
  3 frilled lizards
  8 kobolds
  4 rats
49 creatures vanquished.

Notes
Turn   | Place    | Note
-------+----------+-------------------------------------------
     0 | D:1      | qw the Spriggan Hunter began the quest for the Orb.
     0 | D:1      | Reached XP level 1. HP: 10/10 MP: 2/2
     0 | D:1      | 0 ||| qw: Version: 0.3-a-157-g843a77d
     0 | D:1      | 0 ||| qw: Game counter: 3840
     0 | D:1      | 0 ||| qw: Melee chars always use a shield: true
     0 | D:1      | 0 ||| qw: God list: Okawaru
     0 | D:1      | 0 ||| qw: Allow faded altars: false
     0 | D:1      | 0 ||| qw: Do Orc after clearing Dungeon:15 true
     0 | D:1      | 0 ||| qw: Do second Lair branch before Depths: true
     0 | D:1      | 0 ||| qw: Lair rune preference: random
     0 | D:1      | 0 ||| qw: Goals: Normal
     0 | D:1      | 0 ||| PLANNING D:1-11
    30 | D:1      | Reached skill level 3 in Dodging
   194 | D:1      | Reached XP level 2. HP: 12/14 MP: 3/3
   673 | D:1      | Reached XP level 3. HP: 18/18 MP: 4/4
   867 | D:1      | 867 ||| DROPPING scroll of butterflies.
  1045 | D:2      | Noticed a black bear
  1045 | D:2      | You fall into a shaft and drop 1 floor!
  1056 | D:3      | Found a radiant altar of Vehumet.
  1090 | D:3      | Reached skill level 5 in Ranged Weapons
  1119 | D:3      | Noticed Robin
  1123 | D:3      | Reached XP level 4. HP: 22/22 MP: 5/5
  1131 | D:3      | HP: 3/22 [Robin/+0 spear (3)]
  1133 | D:3      | Slain by Robin

Levels and vault maps discovered:
D:1:      elethiomel_arrival_infinity_welcomes_careful_drivers,
          layout_loops_corners, hangedman_decor_riveting,
          minmay_misc_feat_rugged
D:2:      layout_basic, nrook_mini_vaults
D:3:      layout_basic, mainiacjoe_overflow_tiny_flanked, nicolae_the_louvre,
          uniq_robin, uniq_sigmund

Skill      XL: |  1  2  3 |
---------------+----------+-----
Dodging        | 3 4 |  4.3
Ranged Weapons | 5 |  5.0
Fighting       | |  1.5
Stealth        | |  1.5

Action                     |  1- 3 |  4- 6 || total
---------------------------+-------+-------++-------
   Fire: Shortbow          |   121 |    11 ||   132
 Armour: Robe              |    11 |     7 ||    18
  Dodge: Dodged            |    27 |     8 ||    35

Table legend:
 A = Non-vault XP
 B = Vault XP
 C = Vault XP percentage of total XP
 D = Non-vault monster count
 E = Vault monster count
 F = Vault count percentage of total count
                 A         B        C        D         E       F
            +---------+---------+-------+---------+---------+-------
      Total |      81 |      21 |  20.6 |      38 |      11 |  22.4
            +---------+---------+-------+---------+---------+-------
        D:1 |      43 |       0 |   0.0 |      27 |       0 |   0.0
        D:2 |      34 |       0 |   0.0 |       8 |       0 |   0.0
        D:3 |       4 |      21 |  84.0 |       3 |      11 |  78.6
            +---------+---------+-------+---------+---------+-------
